 Dungeon Crawl Stone Soup version 0.29.1-13-g9f3cf754e1 (webtiles) character file.

Game seed: 12228278920671456110

401 hbarley the Chopper (level 6, -5/53 HPs)
             Began as a Hill Orc Fighter on Jan 31, 2023.
             Was an Initiate of Elyvilon.
             Slain by a sky beast (6 damage)
             ... in the Ecumenical Temple.
             The game lasted 00:10:37 (4260 turns).

hbarley the Chopper (Hill Orc Fighter)              Turns: 4260, Time: 00:10:38

Health: -5/53      AC:  7    Str: 19    XL:     6   Next: 85%
Magic:  6/6        EV: 10    Int:  8    God:    Elyvilon [......]
Gold:   165        SH:  5    Dex: 12    Spells: 5/5 levels left

rFire   . . .      SeeInvis .   a - +0 war axe
rCold   . . .      Faith    .   c - +0 buckler
rNeg    . . .      Spirit   .   r - +1 ring mail {rPois}
rPois   +          Reflect  .   (no helmet)
rElec   .          Harm     .   (no cloak)
rCorr   .          Rampage  .   (no gloves)
Will    .....                   (no boots)
Stlth   +.........              (no amulet)
HPRegen 0.17/turn               (no ring)
MPRegen 0.10/turn               (no ring)

@: mighty
A: no striking features
a: Renounce Religion


You were in the Ecumenical Temple.
You worshipped Elyvilon.
Elyvilon was noncommittal.
You visited 2 branches of the dungeon, and saw 5 of its levels.

You collected 165 gold pieces.

Inventory:

Hand Weapons
 a - a +0 war axe (weapon)
Armour
 b - a +0 scale mail
 c - a +0 buckler (worn)
 r - a +1 ring mail of poison resistance (worn)
Wands
 s - a wand of paralysis (6)
Scrolls
 e - 3 scrolls of noise {unknown}
 f - a scroll of enchant weapon {unknown}
 i - 2 scrolls of poison {unknown}
 k - 3 scrolls of amnesia {unknown}
 l - 2 scrolls of teleportation {unknown}
 m - a scroll of enchant armour {unknown}
 n - 3 scrolls of identify {unknown}
 q - a scroll of fear {unknown}
 t - 2 scrolls of summoning {unknown}
Potions
 g - a potion of degeneration {unknown}
 h - a potion of curing {unknown}
 j - a potion of lignification {unknown}
 o - a potion of haste {unknown}
 p - 2 potions of mutation {unknown}


   Skills:
 + Level 4.4 Fighting
 + Level 6.2 Axes
 + Level 5.0 Armour
 + Level 1.2 Dodging
 + Level 4.2 Shields
 * Level 1.0 Invocations


You had 5 spell levels left.
You didn't know any spells.
Your spell library contained the following spells:

 Spells                   Type           Power      Damage    Failure   Level
 Freeze                   Ice            0%         1d3       67%         1
 Sandblast                Erth           0%         2d4       67%         1
 Passwall                 Tmut/Erth      0%         N/A       80%         2
 Frozen Ramparts          Ice            0%         1d1       95%         3
 Stone Arrow              Conj/Erth      0%         3d7       95%         3
 Summon Guardian Golem    Hex/Summ       0%         N/A       95%         3
 Corpse Rot               Necr/Pois/Air  0%         N/A       100%        4
 Dispel Undead            Necr           0%         3d6       100%        4
 Hailstorm                Conj/Ice       0%         3d3       100%        4
 Ice Form                 Ice/Tmut       0%         N/A       100%        4
 Summon Ice Beast         Ice/Summ       0%         N/A       100%        4
 Death Channel            Necr           0%         N/A       100%        6
 Orb of Destruction       Conj           0%         9d5       100%        7
 Spellforged Servitor     Conj/Summ      0%         N/A       100%        7


Dungeon Overview and Level Annotations

Branches:
Dungeon (4/15)             Temple (1/1) D:4

Altars:
Cheibriados
Dithmenos
Elyvilon
Gozag
Hepliaklqana
Kikubaaqudgha
Nemelex Xobeh
Okawaru
Ru
Trog
Vehumet
Xom
Yredelemnul

Shops:
D:2 [   D:3 (


Message History

A puff of flame appears from out of thin air!
You block the puff of flame.
You slash something!
Reactivating autopickup.
You feel a bit more experienced.
You barely miss something. Something completely misses you. Something hits you.
Something shocks you.
Deactivating autopickup; reactivate with Ctrl-A.
Your Invocations skill increases to level 1!
Something hits you. Something shocks you.
Things that are here:
a +0 dagger; a +0 robe
There is a strange disturbance nearby!
You closely miss something. Something hits you.
* * * LOW HITPOINT WARNING * * *
Something shocks you.
* * * LOW HITPOINT WARNING * * *
You closely miss something.
A sky beast appears from thin air!
Reactivating autopickup.
You block the sky beast's attack.
You slash the sky beast!
The sky beast is heavily wounded.
The sky beast barely misses you.
You hit the sky beast.
The sky beast is severely wounded.
The sky beast hits you but does no damage.
You hit the sky beast.
The sky beast is severely wounded.
The sky beast hits you but does no damage.
The sky beast barely misses you.
You closely miss the sky beast.
The sky beast is severely wounded.
The sky beast hits you.
* * * LOW HITPOINT WARNING * * *
The sky beast shocks you.
* * * LOW HITPOINT WARNING * * *
You feel very mighty all of a sudden. The sky beast hits you.
* * * LOW HITPOINT WARNING * * *
The sky beast shocks you.
You die...

#### #...# #### #..#
##.## #..# #####..##
#.# ##..#####
#_.####.###.###.####._#
#.#..###.##.##.###..#.#
#####..##.#.#.##..#####
###...#.#...### ###
###.....### ###
##.####..)@...####.##
#_........Y........_#
##.####....~..####.##
### ###.....### ###
###.........###
#####..##.#.#.##..#####
#.#..###.##.##.###..#.#
#_.####.###.###.####._#
#####..## #.# ##..#####


You could see a sky beast.

Vanquished Creatures
  Sigmund (D:3)
  A scorpion (D:3)
  2 orc wizards (Temple)
  A gnoll (D:2)
  3 adders
  An ufetubus (D:4)
  2 worms
  A dart slug (D:2)
  6 orcs
  5 ball pythons
  5 endoplasms
  A giant cockroach (D:4)
  3 goblins
  10 hobgoblins
  10 jackals
  9 kobolds
  4 quokkas
  6 bats
  3 frilled lizards
  10 rats
84 creatures vanquished.

Notes
Turn   | Place    | Note
-------+----------+-------------------------------------------
     0 | D:1      | hbarley the Hill Orc Fighter began the quest for the Orb.
     0 | D:1      | Reached XP level 1. HP: 19/19 MP: 1/1
   260 | D:1      | Reached XP level 2. HP: 22/27 MP: 2/2
   594 | D:1      | Reached skill level 3 in Axes
   763 | D:1      | Reached XP level 3. HP: 32/33 MP: 3/3
  1613 | D:2      | Found Omof's Antique Armour Emporium.
  1663 | D:2      | Reached XP level 4. HP: 40/40 MP: 4/4
  1911 | D:2      | Reached skill level 4 in Axes
  2509 | D:3      | Found Xiut's Weapon Shoppe.
  3036 | D:3      | Noticed Sigmund
  3309 | D:4      | Noticed an ogre
  3347 | D:3      | Noticed a scorpion
  3351 | D:3      | Killed a scorpion
  3352 | D:3      | Reached skill level 1 in Dodging
  3352 | D:3      | Reached XP level 5. HP: 40/46 MP: 5/5
  3390 | D:3      | Killed Sigmund
  3391 | D:3      | Reached skill level 5 in Axes
  3391 | D:3      | Reached XP level 6. HP: 28/53 MP: 6/6
  3734 | D:3      | Found an ancient bone altar of Kikubaaqudgha.
  3734 | D:3      | Found an iron altar of Okawaru.
  3742 | D:3      | Found a basalt altar of Yredelemnul.
  3744 | D:3      | Found a shimmering altar of Xom.
  3746 | D:3      | Found a faded altar of an unknown god.
  4016 | D:4      | Found a sacrificial altar of Ru.
  4036 | D:4      | Found a staircase to the Ecumenical Temple.
  4044 | D:4      | Noticed a sky beast
  4047 | Temple   | Entered the Ecumenical Temple
  4223 | Temple   | Became a worshipper of Elyvilon the Healer
  4243 | D:4      | Reached skill level 6 in Axes
  4246 | Temple   | Reached skill level 5 in Armour
  4253 | Temple   | Reached skill level 1 in Invocations
  4259 | Temple   | HP: 1/53 [sky beast (5)]
  4260 | Temple   | Slain by a sky beast

Illustrated notes

Levels and vault maps discovered:
D:1:      lordsloth_arrival_two_stooges, layout_loops_cross
D:2:      layout_basic, serial_shops, nicolae_shop_statue_plus,
          grunt_ministairs_14, minivault_27, minmay_statues_item,
          cheibrodos_gnoll_hut
D:3:      layout_basic, chequers_temple_overflow_minitemple, serial_shops, shop,
          uniq_sigmund
D:4:      layout_loops_corners, nicolae_ru_awakened_eye,
          minmay_temple_entry_ruins
Temple:   hellmonk_temple_flake

Skill      XL: |  1  2  3  4  5  6 |
---------------+-------------------+-----
Axes           | 3 4 5 6 |  6.2
Armour         | 4 5 |  5.0
Shields        | 4 |  4.2
Fighting       | 4 |  4.4
Dodging        | 1 |  1.2
Invocations    | 1 |  1.0

Action                   |  1- 3 |  4- 6 || total
-------------------------+-------+-------++-------
Melee: War axe           |   115 |   130 ||   245
  Use: Potion            |       |     1 ||     1
Armor: Scale mail        |    67 |    15 ||    82
       Ring mail         |       |    62 ||    62
Dodge: Dodged            |    64 |    59 ||   123
Block: Buckler           |    41 |    31 ||    72
